 Dungeon Crawl Stone Soup version 0.31-a0-188-g5e087ee2ca (webtiles) character file.

Game seed: 17488953349346944197

48 qw the Shooter (level 3, -3/20 HPs)
             Began as a Deep Elf Hunter on June 23, 2023.
             Killed from afar by an orc wizard (9 damage)
             ... with a puff of flame
             ... on level 2 of the Dungeon.
             The game lasted 00:00:24 (890 turns).

qw the Shooter (Deep Elf Hunter)                     Turns: 890, Time: 00:00:24

Health: -3/20      AC:  5    Str: 10    XL:     3   Next: 50%
Magic:  5/5        EV: 11    Int: 13    God:
Gold:   63         SH:  0    Dex: 18    Spells: 2/2 levels left

rFire   . . .        Y - +0 shortbow
rCold   . . .        (shield currently unavailable)
rNeg    . . .        d - +0 ring mail
rPois   .            (no helmet)
rElec   .            (no cloak)
rCorr   .            (no gloves)
SInv    .            (no boots)
Will    .....        (no amulet) Stlth
                     (no ring)
HPRegen 0.23/turn    (no ring)
MPRegen 0.09/turn

%: no passive effects
@: confused
A: no striking features
a: no special abilities


You were on level 2 of the Dungeon.
You visited 1 branch of the dungeon, and saw 2 of its levels.

You collected 63 gold pieces.


   Skills:
 - Level 1.5 Fighting
 + Level 7.0 Ranged Weapons
 - Level 2.4 Dodging
 - Level 1.2 Stealth


You had 2 spell levels left.
You didn't know any spells.
Your spell library was empty.

Inventory:

Hand Weapons
 Y - a +0 shortbow (weapon)
Armour
 d - a +0 ring mail (worn)
Scrolls
 a - a scroll of immolation {unknown}
Potions
 b - a potion of lignification {unknown}
 e - a potion of brilliance {unknown}
 g - a potion of degeneration {unknown}

Dungeon Overview and Level Annotations

Branches:
Dungeon (2/15)

Altars:


Message History

You kill the orc!
The orc wizard points at you and mumbles some strange words.
The magic dart hits you but does no damage.
You shoot an arrow. The arrow misses the orc wizard.
The orc wizard points at you and mumbles some strange words.
You are confused.
The orc wizard points at you and mumbles some strange words.
You are more confused.
The orc wizard casts a spell at you.
You are more confused.
You hear some strange, mumbled words.
A puff of flame appears from out of thin air!
The puff of flame misses you.
The orc wizard hits you with a +0 dagger of protection.
The orc wizard gestures at you while chanting.
You resist with some effort. Something hits you.
The orc wizard hits you with a +0 dagger.
The orc wizard hits you but does no damage.
Something hits you. The orc wizard barely misses you.
The orc wizard hits you but does no damage.
Something hits you but does no damage. The orc wizard misses you.
The orc wizard casts a spell.
The orc wizard flickers and vanishes!
Something completely misses you.
The orc wizard hits you with a +0 dagger.
You hear some strange, mumbled words.
A puff of flame appears from out of thin air!
The puff of flame hits you. Something hits you.
The orc wizard hits you but does no damage.
You hear some strange, mumbled words.
Something tries to affect you, but you resist.
Something completely misses you.
The orc wizard gestures at you while chanting.
You are more confused.
Something hits you.
You hear some strange, mumbled words.
A puff of flame appears from out of thin air!
The puff of flame hits you!
You die...

##..###.###### #.#
.............# #.#
##..##.......###.#######
#..##..................
#...........##..######
#.##.<.(######.# #
#....#... #.# #....#
#..#{# ###### #.o@#
#....#{# #### #.# ..#
.## .. .. ...


You could see an orc wizard.

Vanquished Creatures
  An adder (D:2)
  A dart slug (D:2)
  An orc (D:2)
  5 bats
  An endoplasm (D:2)
  A giant cockroach (D:1)
  3 goblins
  3 hobgoblins
  4 jackals (D:1)
  2 quokkas
  3 ball pythons
  2 frilled lizards (D:1)
  3 kobolds (D:1)
  A rat (D:2)
31 creatures vanquished.

Notes
Turn   | Place    | Note
-------+----------+-------------------------------------------
     0 | D:1      | qw the Deep Elf Hunter began the quest for the Orb.
     0 | D:1      | Reached XP level 1. HP: 12/12 MP: 3/3
     0 | D:1      | 0 ||| qw: Version: 0.3-a-9-g12657ce
     0 | D:1      | 0 ||| qw: Game counter: 4340
     0 | D:1      | 0 ||| qw: Always use a shield: true
     0 | D:1      | 0 ||| qw: God list: Okawaru
     0 | D:1      | 0 ||| qw: Allow faded altars: false
     0 | D:1      | 0 ||| qw: Do Orc after D:15 true
     0 | D:1      | 0 ||| qw: Do second Lair branch before Depths: true
     0 | D:1      | 0 ||| qw: Lair rune preference: random
     0 | D:1      | 0 ||| qw: Plans: Normal
     0 | D:1      | 0 ||| PLANNING D:1-11
    50 | D:1      | Found a faded altar of an unknown god.
   232 | D:1      | Reached XP level 2. HP: 15/16 MP: 4/4
   238 | D:1      | Reached skill level 6 in Ranged Weapons
   671 | D:1      | 671 ||| UPGRADING to +0 ring mail.
   681 | D:1      | 681 ||| DROPPING +0 leather armour.
   682 | D:1      | 682 ||| READING scroll labelled HOUBLU JAHUPP.
   683 | D:1      | 683 ||| READING scroll labelled ATZADU ODUACES.
   684 | D:1      | 684 ||| DROPPING scroll of butterflies.
   748 | D:2      | Reached XP level 3. HP: 20/20 MP: 5/5
   850 | D:2      | Reached skill level 7 in Ranged Weapons
   890 | D:2      | Killed from afar by an orc wizard

Levels and vault maps discovered:
D:1:      tarquinn_simple_flora_water_f, layout_basic,
          hellmonk_ecumenical_altar_heavens_door,
          hangedman_abyss_or_decor_lesser_grid
D:2:      layout_loops_ring, hangedman_decor_lopped, kennysheep_generic_room_14

Skill      XL: |  1  2  3 |
---------------+----------+-----
Ranged Weapons | 6 7 |  7.0
Fighting       | |  1.5
Dodging        | |  2.4
Stealth        | |  1.2

Action                     || total
---------------------------++-------
   Fire: Shortbow          ||    94
    Use: Scroll            ||     2
 Armour: Leather armour    ||    13
         Ring mail         ||    11
  Dodge: Dodged            ||    27

Table legend:
 A = Non-vault XP
 B = Vault XP
 C = Vault XP percentage of total XP
 D = Non-vault monster count
 E = Vault monster count
 F = Vault count percentage of total count
                 A         B        C        D         E       F
            +---------+---------+-------+---------+---------+-------
      Total |      69 |       0 |   0.0 |      31 |       0 |   0.0
            +---------+---------+-------+---------+---------+-------
        D:1 |      33 |       0 |   0.0 |      20 |       0 |   0.0
        D:2 |      36 |       0 |   0.0 |      11 |       0 |   0.0
            +---------+---------+-------+---------+---------+-------
